 Dungeon Crawl Stone Soup version 0.23-a0-171-g5ae17c6 (webtiles) character file.

65 grindst0ne the Skirmisher (level 3, 0/31 HPs)
             Began as a Demigod Fighter on Sept 13, 2018.
             Slain by an ogre
             ... wielding a cursed +0 giant club
              (9 damage)
             ... on level 2 of the Dungeon.
             The game lasted 00:01:23 (1112 turns).

grindst0ne the Skirmisher (Demigod Fighter)         Turns: 1112, Time: 00:01:23

Health: 0/31       AC:  6    Str: 26    XL:     3   Next: 67%
Magic:  14/14      EV:  7    Int: 12    God:
Gold:   45         SH: 10    Dex: 15    Spells: 2/2 levels left

rFire    . . .     SeeInvis .   a - +0 war axe
rCold    . . .     Gourm    .   c - +0 shield
rNeg     . . .     Faith    .   b - +0 scale mail
rPois    .         Spirit   .   (no helmet)
rElec    .         Reflect  .   (no cloak)
rCorr    .         Harm     .   (no gloves)
MR       .....                  (no boots)
Stlth    ..........             (no amulet)
HPRegen  0.10/turn              l - ring of magical power
MPRegen  0.14/turn              (no ring)

@: mighty
A: high mp 1
a: no special abilities


You were on level 2 of the Dungeon.
You were not hungry.

You visited 1 branch of the dungeon, and saw 2 of its levels.

You collected 45 gold pieces.

Inventory:

Hand Weapons
 a - a +0 war axe (weapon)
Armour
 b - a +0 scale mail (worn)
 c - a +0 shield (worn)
 j - a +0 plate armour (quivered)
Jewellery
 l - a ring of magical power (left hand)
Scrolls
 g - a scroll of immolation {unknown}
 h - a scroll of remove curse {unknown}
 k - 2 scrolls of enchant armour {unknown}
Potions
 e - a potion of flight {unknown}
Comestibles
 f - 4 rations
 i - 8 chunks of flesh


   Skills:
 + Level 3.3 Fighting
 + Level 2.6 Axes
 - Level 2.6 Armour
 + Level 3.3 Shields


You had 2 spell levels left.
You didn't know any spells.
Your spell library was empty.

Dungeon Overview and Level Annotations

Branches:
Dungeon (2/15)


Innate Abilities, Weirdness & Mutations

You have an increased reservoir of magic. (+10% MP)


Message History

An ogre comes into view. It is wielding a giant club.
You hit the hobgoblin.
You kill the hobgoblin!
The adder bites you but does no damage.
You slash the adder!
You kill the adder!
The adder bites you but does no damage.
You slash the adder!
You kill the adder!
You feel very mighty all of a sudden. The ogre barely misses you.
You slash the ogre!
The ogre is moderately wounded.
The ogre hits you with a giant club!!
Ouch! That really hurt!
* * * LOW HITPOINT WARNING * * *
Your shield and scale mail prevent you from hitting the ogre.
The ogre is moderately wounded.
The ogre hits you with a giant club!
You die...

####### . #.....# ...
###.....#########.....
..............@O..#
#............######
##.....####.#
#..#...###.#
#......<.#>#
#..........##
.##.###...)...#####.#
.... #.#####.......#
... #.# #.#######


You could see an ogre.

Vanquished Creatures
  3 adders (D:2)
  2 worms (D:2)
  A leopard gecko (D:2)
  4 bats
  4 giant cockroaches
  3 goblins
  7 hobgoblins
  A frilled lizard (D:2)
  3 kobolds
  A rat (D:2)
29 creatures vanquished.

Notes
Turn   | Place    | Note
-------+----------+-------------------------------------------
     0 | D:1      | grindst0ne the Demigod Fighter began the quest for the Orb.
     0 | D:1      | Reached XP level 1. HP: 18/18 MP: 3/3
   315 | D:1      | Reached XP level 2. HP: 25/25 MP: 4/4
   836 | D:2      | Reached XP level 3. HP: 31/31 MP: 4/5
  1106 | D:2      | Noticed an ogre
  1112 | D:2      | Slain by an ogre

Vault maps used:
D:1:      kennysheep_arrival_seaside, minmay_tetromino_l2
D:2:      minmay_distorted

Skill      XL: |  1  2 |
---------------+-------+-----
Axes           | 2 |  2.6
Fighting       | 3 |  3.3
Shields        | 3 |  3.3
Armour         | |  2.6

Action                   || total
-------------------------++-------
Melee: War axe           ||    87
  Use: Potion            ||     1
  Eat: Chunk             ||     1
Armor: Scale mail        ||    39
Dodge: Dodged            ||    17
Block: Shield            ||    48

Table legend:
 A = Non-vault XP
 B = Vault XP
 C = Vault XP percentage of total XP
 D = Non-vault monster count
 E = Vault monster count
 F = Vault count percentage of total count
                 A         B        C        D         E       F
            +---------+---------+-------+---------+---------+-------
      Total |      89 |       5 |   5.3 |      26 |       3 |  10.3
            +---------+---------+-------+---------+---------+-------
        D:1 |      15 |       4 |  21.1 |       8 |       2 |  20.0
        D:2 |      74 |       1 |   1.3 |      18 |       1 |   5.3
            +---------+---------+-------+---------+---------+-------
